Map: [ESL] Alcyone

Players

Oliveira - Winner!

  • Race: Terran Terran
  • Spawn Location: 1:00

Reynor

  • Race: Zerg Zerg
  • Spawn Location: 7:00

Event: ESL Spring 2024 Finals

VOD

Have the link to the VOD?

Description

Time

  • Played on: June 1, 2024, 7:19 p.m.
  • Length: 11:57

All games in this series

Show
View Real Time Build Order
Export as new Build Order

Oliveira Terran - Winner!

Build Orders: Reaper Expand, Hellion Banshee 

Get SALT Encoding   

  12  0:00  SCV  
  13  0:12  SCV  
  14  0:17  Supply Depot  
  14  0:24  SCV  
  15  0:39  SCV  
  15  0:40  Barracks  
  16  0:44  Refinery  
  16  0:51  SCV  
  17  1:03  SCV  
  18  1:15  SCV  
  19  1:27  Orbital Command, Reaper  
  20  1:38  Command Center  
  20  1:50  Supply Depot  
  20  1:53  SCV  
  21  1:59  Marine  
  22  2:05  SCV  
  23  2:13  Factory  
  23  2:17  SCV  
  23  2:22  Barracks Reactor  
  24  2:29  SCV  
  25  2:41  Command Center  
  26  2:44  SCV  
  26  2:50  Orbital Command  
  26  2:56  SCV  
  27  3:00  Starport  
  27  3:05  Refinery  
  27  3:08  SCV  
  27  3:12  Hellion  
  30  3:16  Hellion  
  30  3:17  SCV  
  33  3:20  Barracks Tech Lab  
  33  3:21  SCV  
  34  3:29  SCV  
  34  3:34  SCV, Hellion  
  38  3:37  Hellion  
  40  3:41  SCV  
  40  3:43  Banshee  
  40  3:45  Marine  
  45  3:49  SCV  
  45  3:53  SCV, Orbital Command  
  47  3:57  Hellion  
  47  4:00  Hellion  
  51  4:04  Supply Depot  
  51  4:05  Barracks Tech Lab  
  51  4:06  SCV  
  51  4:08  SCV  
  53  4:18  SCV  
  53  4:20  SCV  
  55  4:26  Banshee  
  55  4:31  SCV, Factory Reactor, Barracks, Stimpack  
  58  4:34  Supply Depot  
  58  4:35  SCV  
  58  4:36  SCV  
  58  4:37  Barracks  
  61  4:46  SCV  
  61  4:47  SCV, Engineering Bay  
  61  4:48  Engineering Bay  
  61  4:50  Refinery  
  61  4:52  Refinery  
  63  4:54  Marine  
  63  4:56  SCV  
  65  5:03  SCV, Barracks  
  65  5:04  SCV  
  65  5:05  Barracks  
  67  5:11  Supply Depot  
  67  5:13  Supply Depot  
  68  5:14  SCV  
  68  5:18  Terran Infantry Weapons Level 1  
  68  5:19  SCV x2  
  70  5:22  Starport Reactor  
  70  5:23  Terran Infantry Armor Level 1  
  70  5:26  SCV  
  71  5:30  Marine x2  
  71  5:31  SCV  
  71  5:34  Siege Tank  
  77  5:36  Marine  
  77  5:41  Orbital Command, Marine  
  76  5:43  Marine  
  76  5:48  Marine x2  
  79  5:50  Marine  
  79  5:51  Marine, Supply Depot  
  79  5:52  Armory  
  79  5:54  Marine  
  82  5:59  Marine  
  82  6:01  Marine, Medivac x2  
  88  6:06  Marine x2, Supply Depot  
  88  6:08  Marine  
  88  6:09  Marine  
  92  6:12  Marine  
  92  6:13  Siege Tank, Supply Depot  
  92  6:17  Combat Shield, Marine  
  97  6:19  SCV, Marine  
  97  6:20  SCV  
  97  6:22  SCV  
  101  6:26  Supply Depot  
  101  6:27  Marine x4  
  101  6:30  Marine  
  106  6:35  Marine  
  106  6:37  Marine  
  106  6:39  Medivac  
  110  6:45  Marine x4  
  114  6:48  Marine  
  114  6:53  Marine  
  116  6:54  Marine  
  116  6:55  SCV  
  116  6:56  Siege Tank  
  116  6:58  SCV  
  116  6:59  SCV  
  109  7:03  Marine  
  109  7:04  Barracks Tech Lab x2  
  109  7:06  Marine  
  109  7:07  SCV, Armory  
  104  7:10  SCV  
  104  7:12  SCV  
  104  7:13  Marine  
  104  7:15  Medivac x2  
  101  7:18  Marine x2  
  101  7:19  SCV  
  101  7:21  Marine  
  101  7:22  SCV, Marine  
  102  7:24  SCV  
  102  7:25  Marine  
  102  7:26  Marine  
  106  7:31  SCV, Marine  
  106  7:35  SCV, Marine  
  97  7:37  Marauder  
  97  7:38  Siege Tank  
  97  7:39  Marine  
  97  7:40  Marine, Terran Infantry Weapons Level 2  
  97  7:43  SCV, Marine  
  101  7:51  Barracks, Terran Infantry Armor Level 2  
  101  7:52  Barracks, Marine  
  101  7:53  Barracks  
  101  7:56  Marine  
  101  7:57  Marine  
  107  7:58  Marauder  
  107  8:01  Missile Turret  
  107  8:02  Missile Turret  
  107  8:03  Missile Turret  
  107  8:04  Marine x2  
  109  8:09  Marine  
  109  8:10  Supply Depot  
  111  8:13  Missile Turret, Marine  
  111  8:16  Siege Tank, Marine x2  
  117  8:20  Marauder  
  117  8:22  Medivac  
  117  8:23  Marine, Refinery  
  117  8:24  Marauder  
  122  8:27  Marine  
  122  8:28  Concussive Shells  
  122  8:31  Marine  
  122  8:34  Marine x2  
  124  8:37  Supply Depot  
  124  8:38  Supply Depot  
  124  8:39  Supply Depot  
  124  8:40  Marine x3  
  129  8:41  Marine  
  129  8:42  Marine  
  129  8:48  Marine x2  
  133  8:58  Siege Tank, Liberator, Marine x2  
  133  9:00  Supply Depot, Marine x2, Marauder x2  
  147  9:04  Marine x2  
  147  9:06  Marauder  
  151  9:11  Liberator  
  151  9:12  Marine  
  151  9:16  Marine x2, Supply Depot  
  157  9:17  Supply Depot  
  157  9:18  Marine  
  157  9:22  Marauder x2  
  161  9:24  Marine x2  
  161  9:28  Marauder  
  161  9:29  Supply Depot  
  165  9:38  Siege Tank, Marine x4  
  172  9:43  Liberator, Marauder x2  
  179  9:49  Marauder  
  176  9:56  Marine x2  
  177  10:03  Barracks Reactor, Marine x2  
  177  10:04  Marauder x2  
  177  10:05  Marine  
  177  10:06  Marine  
  184  10:10  Marauder  
  184  10:13  Marine  
  182  10:19  Marine  
  182  10:20  Marine x2  
  152  10:21  Liberator  
  152  10:23  Marine  
  152  10:24  Marine  
  152  10:26  Marauder x2  
  136  10:31  Marine  
  136  10:32  Marauder  
  129  10:36  Marine  
  129  10:38  Marine x2  
  129  10:39  Siege Tank, Medivac  
  129  10:40  Marine x2  
  129  10:41  Marine  
  129  10:42  Marine  
  141  10:47  Marauder x2  
  141  10:49  Marine  
  146  10:52  Command Center  
  146  10:53  Marauder  
  146  10:54  Marine  
  146  10:56  Marine  
  150  10:57  Marine  
  150  10:59  Marine x2  
  153  11:06  Marine  
  153  11:09  Marauder, Medivac  
  153  11:10  Marine x2  
  153  11:11  Marauder  
  143  11:18  Marine  
  143  11:19  Medivac, Marauder  
  143  11:25  Marine x2  
  132  11:27  Marine x2  
  132  11:30  Marauder  
  131  11:33  Marauder  
  131  11:34  Marine x2  
  131  11:37  Marine  
Show
View Real Time Build Order
Export as new Build Order

Reynor Zerg 

Build Orders: Hatch First 

Get SALT Encoding   

  12  0:00  Drone  
  13  0:12  Overlord  
  13  0:16  Drone  
  14  0:30  Drone x2  
  16  0:48  Hatchery  
  15  0:50  Drone  
  15  0:54  Drone  
  17  0:57  Drone  
  18  1:08  Extractor  
  17  1:12  Spawning Pool  
  17  1:15  Drone  
  17  1:19  Drone  
  18  1:27  Drone  
  19  1:38  Drone  
  20  1:49  Drone  
  21  1:59  Queen  
  21  2:00  Queen, Zergling x4  
  27  2:13  Hatchery  
  26  2:18  Overlord  
  26  2:21  Drone  
  27  2:23  Drone  
  28  2:36  Drone x3  
  31  2:41  Metabolic Boost  
  31  2:45  Queen  
  31  2:49  Overlord  
  33  2:51  Drone  
  33  2:54  Drone  
  33  2:56  Drone  
  36  3:06  Queen  
  36  3:09  Drone x2  
  36  3:10  Drone  
  41  3:13  Overlord  
  41  3:17  Overlord  
  42  3:20  Drone  
  42  3:21  Drone  
  43  3:27  Drone x2  
  43  3:29  Drone  
  43  3:32  Queen  
  48  3:36  Drone x2  
  50  3:43  Queen  
  50  3:44  Drone x2  
  50  3:46  Overlord  
  54  3:48  Drone  
  54  3:51  Zergling x4  
  54  3:54  Drone x2  
  60  3:55  Drone  
  60  4:01  Queen  
  62  4:03  Overlord  
  62  4:05  Drone  
  62  4:06  Drone  
  64  4:11  Drone x2  
  64  4:13  Queen  
  64  4:15  Drone  
  64  4:16  Drone  
  70  4:19  Overlord  
  70  4:21  Overlord  
  72  4:24  Drone x2  
  72  4:25  Drone  
  73  4:31  Overlord  
  73  4:34  Overlord  
  73  4:36  Zergling x2  
  73  4:37  Queen  
  76  4:38  Lair  
  76  4:40  Extractor, Drone  
  76  4:42  Drone x2  
  78  4:48  Zergling x6  
  78  4:50  Drone  
  82  4:53  Drone x2, Spore Crawler  
  82  4:55  Spore Crawler  
  81  5:02  Drone x2  
  81  5:05  Drone x2  
  85  5:07  Drone  
  85  5:08  Hatchery  
  85  5:11  Overlord  
  85  5:14  Drone x3  
  88  5:17  Drone  
  88  5:20  Drone  
  90  5:21  Evolution Chamber  
  90  5:22  Evolution Chamber, Queen, Roach Warren  
  90  5:25  Drone x2  
  90  5:27  Drone x2  
  93  5:30  Overlord  
  93  5:36  Overlord  
  93  5:44  Drone x4  
  93  5:47  Drone x2  
  93  5:48  Extractor  
  93  5:49  Extractor, Zergling x2  
  98  5:56  Zergling x4  
  93  6:00  Zerg Ground Armor Level 1, Zerg Missile Weapons Level 1  
  93  6:01  Extractor  
  93  6:03  Extractor  
  91  6:05  Drone x3  
  91  6:07  Zergling x2  
  95  6:12  Infestation Pit  
  95  6:14  Roach  
  95  6:17  Drone  
  97  6:19  Roach  
  97  6:20  Hatchery  
  97  6:23  Roach x2  
  97  6:24  Hatchery  
  101  6:27  Drone  
  101  6:29  Roach x3, Tunneling Claws  
  101  6:30  Baneling Nest  
  107  6:34  Drone x4  
  107  6:35  Roach, Overlord  
  107  6:36  Roach x2  
  107  6:38  Roach  
  119  6:43  Overlord  
  119  6:46  Ravager x2  
  121  6:47  Roach, Zergling x2  
  121  6:49  Roach  
  121  6:50  Zergling x2  
  127  6:54  Overlord  
  127  6:56  Roach  
  127  7:01  Roach x5, Zergling x4  
  127  7:02  Queen  
  127  7:06  Roach x2, Zergling x2  
  126  7:10  Roach x3  
  126  7:12  Roach  
  117  7:17  Roach, Zergling x6  
  117  7:20  Roach x2  
  118  7:23  Roach  
  112  7:34  Roach x2, Zergling x4  
  112  7:35  Zergling x6  
  111  7:37  Queen  
  111  7:38  Hive  
  111  7:45  Drone x6  
  111  7:47  Roach, Queen  
  120  7:51  Ravager x3  
  120  7:54  Roach x2  
  127  7:59  Roach, Zergling x8  
  127  8:02  Drone x3  
  127  8:04  Glial Reconstitution  
  134  8:06  Drone x2  
  134  8:11  Zergling x20  
  146  8:14  Spore Crawler  
  145  8:20  Drone x3  
  145  8:23  Zerg Ground Armor Level 2  
  145  8:25  Zerg Melee Weapons Level 1  
  148  8:29  Spore Crawler, Queen, Overlord  
  148  8:31  Overlord  
  147  8:35  Centrifugal Hooks  
  147  8:38  Overlord  
  147  8:43  Overlord  
  147  8:48  Zergling x20  
  155  8:51  Drone  
  155  8:54  Drone x2  
  155  8:55  Drone  
  159  8:56  Viper x2  
  159  8:58  Zergling x10  
  159  8:59  Zergling x2  
  159  9:01  Overlord  
  171  9:03  Overlord  
  171  9:11  Ultralisk Cavern  
  171  9:12  Hatchery  
  171  9:15  Zergling x2  
  171  9:16  Zergling x20  
  180  9:22  Drone x3  
  180  9:23  Drone  
  183  9:24  Overlord  
  183  9:26  Adrenal Glands  
  183  9:33  Drone x3  
  183  9:38  Drone x4  
  187  9:40  Extractor, Zergling x4  
  187  9:41  Zergling x8  
  187  9:42  Extractor  
  194  9:51  Baneling x16  
  183  9:53  Zergling x18  
  183  9:54  Queen x2  
  183  9:55  Roach  
  182  10:02  Roach, Zergling x16  
  182  10:04  Baneling x5  
  183  10:13  Roach, Zergling x8  
  175  10:19  Roach, Zergling x10  
  147  10:25  Roach  
  129  10:29  Roach x2  
  110  10:37  Roach  
  110  10:39  Baneling x9  
  110  10:41  Roach x2  
  98  10:50  Zergling x4  
  98  10:52  Zergling x6  
  98  10:53  Zergling x2  
  98  10:55  Ravager x2  
  101  10:58  Zergling x2  
  101  11:00  Zergling x2  
  101  11:01  Ravager  
  101  11:04  Zergling x4  
  106  11:11  Zergling x2  
  106  11:12  Zergling x6  
  106  11:14  Zergling x2  
  106  11:15  Zergling x2  
  106  11:17  Zergling x6  
  103  11:23  Roach  
  103  11:24  Roach x2, Zergling x4  
  98  11:29  Roach x2  
  103  11:38  Zergling x12  
Tags
 
Add a new tag
Caveats
  • Supply blocks, unpowered buildings, or Contaminate may cause inaccurate times.
  • Supply counts are checked every 10 seconds.